[Event "Late-Titled-Tuesday-Blitz-June-18-2024"]
[Site "Chess.com"]
[Date "2024.06.18"]
[Round "3"]
[White "Boudicca64"]
[Black "jero888"]
[Result "0-1"]
[WhiteElo "1877"]
[BlackElo "2344"]
[TimeControl "180+1"]
[EndTime "14:29:29 PDT"]
[Termination "jero888 won on time"]

1. e4 c5 2. g3 d5 3. exd5 Qxd5 4. Nf3 Nc6 5. Bg2 Bg4 6. h3 Bh5 7. O-O Nf6 8. d3 e6 9. g4 Bg6 10. Be3 Qd7 11. Nc3 Be7 12. a4 O-O 13. Qd2 Rad8 14. Rad1 Nd4 15. Ne5 Qc7 16. Bf4 Qc8 17. Nb5 a6 18.
Nxd4 Rxd4 19. c3 Rdd8 20. Nxg6 hxg6 21. d4 cxd4 22. cxd4 Qd7 23. Be5 Nd5 24. Qe2 Rc8 25.
Rc1 Rxc1 26. Rxc1 Bf6 27. Rc5 Rc8 28. Bxd5 Rxc5 29. dxc5 Qxd5 30. Bxf6 gxf6 31. Qe3 Qd1+ 32. Kh2 Qxa4 0-1

[Event "Late-Titled-Tuesday-Blitz-June-18-2024"]
[Site "Chess.com"]
[Date "2024.06.18"]
[Round "3"]
[White "Korchmar_Vasiliy"]
[Black "Eloist"]
[Result "1-0"]
[WhiteElo "2647"]
[BlackElo "2458"]
[TimeControl "180+1"]
[EndTime "14:29:30 PDT"]
[Termination "Korchmar_Vasiliy won on time"]

1. d4 e6 2. c4 Nf6 3. Nf3 b6 4. g3 Bb7 5. Bg2 Be7 6. O-O O-O 7. Re1 a5 8. Nc3 Ne4 9. Bd2 f5 10. d5 Bf6 11. Qc2 Bxc3 12. Bxc3 exd5 13. cxd5 Bxd5 14.
Red1 c6 15. Nh4 Nxc3 16. Qxc3 Bxg2 17. Kxg2 Qf6 18. Qb3+ Qf7 19. Qxb6 f4 20. Nf3 fxg3 21. hxg3 Na6 22. b3 Nb4 23. Qc5 Nd5 24. Rd4 Rae8 25.
Qc4 Re6 26. Rh1 Qe7 27. e4 Qf7 28. Qe2 Nf4+ 29. gxf4 Qxf4 30. Rh3 Rg6+ 31. Rg3 Rxg3+ 32. fxg3 Qg4 33. e5 Qg6 34. Rxd7 h5 35. e6 Re8 36. e7 Qf5 37. Rd8 1-0

[Event "Late-Titled-Tuesday-Blitz-June-18-2024"]
[Site "Chess.com"]
[Date "2024.06.18"]
[Round "3"]
[White "Durarbayli"]
[Black "manitodeplomo"]
[Result "1-0"]
[WhiteElo "2951"]
[BlackElo "2675"]
[TimeControl "180+1"]
[EndTime "14:29:31 PDT"]
[Termination "Durarbayli won on time"]

1. e4 e6 2. d4 d5 3. exd5 exd5 4. h3 Nc6 5. Nf3 Bd6 6. c4 Bb4+ 7. Nc3 Nge7 8. Bg5 f6 9. Bd2 Be6 10. cxd5 Nxd5 11. Bb5 Qd7 12. Qa4 Nb6 13. Bxc6 Nxa4 14. Bxd7+ Bxd7 15. Nxa4 Bxd2+ 16. Kxd2 Bxa4 17. Rhe1+ Kd7 18. d5 Kd6 19. Re6+ Kxd5 20. Re7 Kd6 21. Rae1 Rae8 22. Rxg7 Rxe1 23. Nxe1 Bd7 24. Nd3 b6 25. Nf4 a5 26.
Rf7 Bc8 27. Rxf6+ Ke5 28. Rf7 c5 29. g3 h5 30. h4 Ba6 31. Re7+ Kf5 32. Ke3 Rd8 33. Re6 Rd3+ 34. Nxd3 Kxe6 35. Nf4+ Kf5 36. Nxh5 b5 37. f3 b4 38. g4+ Ke5 39. a3 Bc4 40.
f4+ Kd6 41. Nf6 Bf7 42. h5 c4 43. axb4 axb4 44. h6 c3 45. bxc3 b3 46. h7 b2 47.
Ne4+ Kc6 48. Nd2 1-0

[Event "Late-Titled-Tuesday-Blitz-June-18-2024"]
[Site "Chess.com"]
[Date "2024.06.18"]
[Round "3"]
[White "ArmanGhevondyanchess"]
[Black "ArchibaldCerveza29"]
[Result "1-0"]
[WhiteElo "2597"]
[BlackElo "2396"]
[TimeControl "180+1"]
[EndTime "14:29:31 PDT"]
[Termination "ArmanGhevondyanchess won on time"]

1. Nf3 d5 2. g3 Nf6 3. Bg2 e6 4.
O-O Be7 5. d4 O-O 6. c4 dxc4 7.
Ne5 Nc6 8. Bxc6 bxc6 9. Nxc6 Qe8 10. Nxe7+ Qxe7 11. Qa4 e5 12. dxe5 Qxe5 13. Qxc4 Be6 14. Qc2 Qh5 15. Nc3 Rfe8 16. f3 Bc4 17. Rf2 Qc5 18.
Kg2 Rad8 19. e4 Bd3 20. Qa4 h5 21. Qa3 Qd4 22. Bg5 c5 23. Rd1 c4 24. Bxf6 Qxf6 25. Qxa7 h4 26. Qe3 Qe6 27. gxh4 Rd6 28. Qf4 Qd7 29. Nd5 Rg6+ 30. Kh1 Qh3 31. Rg1 Rxg1+ 32. Kxg1 Re6 33. Rg2 Rg6 34. Ne7+ Kh7 35. Nxg6 fxg6 36. Qg4 Qxg4 37. Rxg4 c3 38. bxc3 1-0

[Event "Late-Titled-Tuesday-Blitz-June-18-2024"]
[Site "Chess.com"]
[Date "2024.06.18"]
[Round "3"]
[White "topce"]
[Black "GM_dmitrij"]
[Result "0-1"]
[WhiteElo "2523"]
[BlackElo "3045"]
[TimeControl "180+1"]
[EndTime "14:29:32 PDT"]
[Termination "GM_dmitrij won on time"]

1. e4 c5 2. Nf3 Nc6 3. Bb5 g6 4. Bxc6 bxc6 5. d3 Bg7 6. h3 e5 7. a4 Ne7 8. a5 O-O 9. Nbd2 d6 10. O-O f5 11. Nc4 h6 12. Re1 Be6 13. Nfd2 f4 14.
c3 g5 15. Nf1 Ng6 16. Nh2 Nh4 17. f3 h5 18. b4 cxb4 19. cxb4 Qd7 20. Rf1 Rf6 21.
Ra2 Rg6 22. Qe1 Bf6 23. Raf2 g4 24. fxg4 hxg4 25. hxg4 Bxg4 26. Rxf4 exf4 27. Rxf4 Nxg2 28. Kxg2 Bh3+ 29. Kf2 Rg2+ 30. Ke3 Bg5 31. Nf3 Bxf4+ 32. Kxf4 Qg4+ 33. Ke3 Rf8 0-1

[Event "Late-Titled-Tuesday-Blitz-June-18-2024"]
[Site "Chess.com"]
[Date "2024.06.18"]
[Round "3"]
[White "invisible_s0ul"]
[Black "KarlEmilElmer"]
[Result "0-1"]
[WhiteElo "2384"]
[BlackElo "2210"]
[TimeControl "180+1"]
[EndTime "14:29:32 PDT"]
[Termination "KarlEmilElmer won by checkmate"]

1. d4 Nf6 2. c4 e6 3. Nc3 Bb4 4. Qc2 b6 5. Bd2 Bb7 6. Nf3 Bxc3 7. Bxc3 Ne4 8. Nd2 f5 9. e3 O-O 10. f3 Qh4+ 11. g3 Nxg3 12. hxg3 Qxh1 13. O-O-O Bxf3 14. Be2 Qh6 15. Bxf3 c6 16. e4 Na6 17. Kb1 Nc7 18. Rh1 Qg5 19. exf5 exf5 20. g4 d5 21. Rh5 Qe3 22.
gxf5 Rae8 23. f6 g6 24. Rh1 Rxf6 25. cxd5 Rxf3 26. Nxf3 Qxf3 27. Qh2 Qf7 28. dxc6 Nd5 29. Bd2 Qc7 30. Qh3 Qf7 31. a3 a5 32. Qh4 a4 33.
Bg5 Re2 34. Bc1 Nc3+ 35. bxc3 Qa2# 0-1

[Event "Late-Titled-Tuesday-Blitz-June-18-2024"]
[Site "Chess.com"]
[Date "2024.06.18"]
[Round "3"]
[White "Polish_fighter3000"]
[Black "JoakimVonAnd"]
[Result "1-0"]
[WhiteElo "3086"]
[BlackElo "2747"]
[TimeControl "180+1"]
[EndTime "14:29:33 PDT"]
[Termination "Polish_fighter3000 won on time"]

1. Nf3 d5 2. e3 Nf6 3. c4 e6 4. b3 c5 5. Bb2 Nc6 6. cxd5 exd5 7.
Bb5 Be7 8. d4 cxd4 9. Nxd4 Bd7 10.
O-O O-O 11. Nf3 Rc8 12. h3 Bf5 13. Nc3 a6 14. Bd3 Ne4 15. Ne2 Bf6 16. Bxf6 Qxf6 17. Nfd4 Bg6 18. Nxc6 Rxc6 19. Bxe4 Bxe4 20. Nd4 Rd6 21.
Rc1 Qg5 22. Qg4 Qd8 23. Qf4 Rg6 24. f3 Bd3 25. Rfd1 Bb5 26. Nxb5 axb5 27. Rc5 Qa8 28. Rd2 Qa3 29. Rcxd5 Qc1+ 30. Kh2 h6 31. e4 Rf6 32. Qe5 Kh7 33. Qb2 Qc7+ 34. Kh1 Rc8 35. e5 Rg6 36. Rxb5 Qe7 37. Rbd5 Qg5 38. e6 Qxg2+ 39. Rxg2 1-0

[Event "Late-Titled-Tuesday-Blitz-June-18-2024"]
[Site "Chess.com"]
[Date "2024.06.18"]
[Round "3"]
[White "LoonsDeKoeben"]
[Black "Igor_Lysyj"]
[Result "0-1"]
[WhiteElo "2419"]
[BlackElo "2844"]
[TimeControl "180+1"]
[EndTime "14:29:34 PDT"]
[Termination "Igor_Lysyj won by resignation"]

1. e4 e5 2. Nf3 Nc6 3. Bc4 Bc5 4. d3 Nf6 5. O-O d6 6. c3 a6 7.
a4 Ba7 8. Re1 O-O 9. h3 Re8 10.
Bg5 h6 11. Bh4 g5 12. Bg3 Nh5 13. Bh2 Qf6 14. Nbd2 g4 15. hxg4 Bxg4 16. Nf1 Kh8 17. Ne3 Bxe3 18. Rxe3 Rg8 19. Kf1 Nf4 20. Bxf4 exf4 21.
Re1 Ne5 22. Ke2 Nxc4 23. dxc4 Rae8 24. Kd3 c6 25. Kc2 Qg6 26. Qd4+ Kh7 27. Kb3 Re6 28. Nd2 Qg5 29. f3 Bh5 30. Rh1 Bg6 31. Rh2 b5 32. axb5 axb5 33. Kc2 bxc4 34. Qxc4 d5 35. Ra5 Qg3 36. Nf1 Qxh2 37. Ng3 Qxg3 0-1

[Event "Late-Titled-Tuesday-Blitz-June-18-2024"]
[Site "Chess.com"]
[Date "2024.06.18"]
[Round "3"]
[White "Javokhir_Sindarov05"]
[Black "Rashad_Zeynalli"]
[Result "1-0"]
[WhiteElo "3067"]
[BlackElo "2736"]
[TimeControl "180+1"]
[EndTime "14:29:37 PDT"]
[Termination "Javokhir_Sindarov05 won by checkmate"]

1. e4 e5 2. Nf3 Nc6 3. Bc4 Nf6 4. d3 h6 5. a4 d6 6. a5 a6 7. c3 g5 8. Qb3 Qe7 9. Nbd2 Bg7 10. Nf1 Rb8 11. Ng3 Be6 12. O-O Qd7 13. d4 Bg4 14. dxe5 dxe5 15. Rd1 Qe7 16. h3 Bxf3 17. gxf3 O-O 18. Nf5 Qe8 19. h4 b6 20. hxg5 Nxa5 21.
Nxg7 Kxg7 22. gxf6+ Kh7 23. Rxa5 bxa5 24. Qa3 Rg8+ 25.
Kf1 Rb6 26. Qe7 Qxe7 27. fxe7 Re8 28. Rd7 Kg7 29. Rxc7 Kf6 30. Bxh6 Rxb2 31. Bf8 a4 32. Rc6+ Kg5 33. Bxf7 Rb1+ 34. Kg2 a3 35. Bh6+ Kh4 36.
Be3 Rh8 37. e8=Q Rxe8 38. Rh6# 1-0

[Event "Late-Titled-Tuesday-Blitz-June-18-2024"]
[Site "Chess.com"]
[Date "2024.06.18"]
[Round "3"]
[White "soloderisas"]
[Black "Hrant_ChessMood"]
[Result "0-1"]
[WhiteElo "2650"]
[BlackElo "2897"]
[TimeControl "180+1"]
[EndTime "14:29:37 PDT"]
[Termination "Hrant_ChessMood won by resignation"]

1. d4 Nf6 2. Nf3 g6 3. Bf4 Bg7 4. e3 O-O 5. Be2 c5 6. O-O cxd4 7. exd4 d6 8. c3 Nc6 9. Nbd2 Nd5 10. Bg3 Bh6 11. Bc4 Nf6 12. h3 Qb6 13. Bb3 Na5 14. Re1 Nxb3 15. axb3 Qc7 16. Bh4 Bg7 17. b4 b5 18. Qe2 Qc6 19. Qxe7 Re8 20. d5 Qxd5 21. Qxe8+ Nxe8 22. Rxe8+ Bf8 23. Ne4 Qc6 24. Nd4 Qb7 25. Nxd6 Qd7 26. Be7 Bb7 27. Rxa8 Bxa8 28. Bxf8 Kxf8 29.
N4xb5 Qc6 30. f3 a6 31. Nd4 Qxd6 32. Ra5 Bb7 33. Rc5 Qe7 34. Kf2 Kg7 35. g3 h5 36. h4 Qd7 37. Rg5 Qh3 38. Nf5+ Kf8 39. Ne3 Qh1 40. Nf1 Qxf3+ 0-1

[Event "Late-Titled-Tuesday-Blitz-June-18-2024"]
[Site "Chess.com"]
[Date "2024.06.18"]
[Round "3"]
[White "SchmakAttack"]
[Black "drragnar1"]
[Result "1-0"]
[WhiteElo "2828"]
[BlackElo "2407"]
[TimeControl "180+1"]
[EndTime "14:29:37 PDT"]
[Termination "SchmakAttack won by checkmate"]

1. d4 Nf6 2. Nf3 c5 3. d5 d6 4. Nc3 e5 5. e4 Be7 6. g3 O-O 7. a4 Ne8 8. Bg2 f5 9. exf5 Bxf5 10. Nd2 Nd7 11. O-O Bg5 12. Nc4 Nb6 13. Bxg5 Qxg5 14.
Ne3 Bd7 15. a5 Nc8 16. Ne4 Qg6 17. c4 Nf6 18. Nc3 Ne7 19. Nb5 Ng4 20. Nxg4 Bxg4 21. Qd2 a6 22. Nc7 Rac8 23. Ne6 Rf6 24. h3 Bf5 25. b4 Bxe6 26. dxe6 Rxe6 27. Bxb7 Rb8 28. Bxa6 cxb4 29. Bb5 Kh8 30. a6 Ra8 31. Qxb4 d5 32.
a7 Nc8 33. Bd7 Rb6 34. Qf8# 1-0

[Event "Late-Titled-Tuesday-Blitz-June-18-2024"]
[Site "Chess.com"]
[Date "2024.06.18"]
[Round "3"]
[White "AlphaPerseii"]
[Black "LaStreetCmaMaison"]
[Result "0-1"]
[WhiteElo "2424"]
[BlackElo "2618"]
[TimeControl "180+1"]
[EndTime "14:29:38 PDT"]
[Termination "LaStreetCmaMaison won by resignation"]

1. d4 d5 2. c4 e5 3. dxe5 d4 4. Nf3 Nc6 5. Bf4 Nge7 6. e3 Ng6 7. Bg5 f6 8. exf6 gxf6 9. Bf4 Bb4+ 10. Nbd2 Nxf4 11. exf4 d3 12. Qb3 Qe7+ 13. Kd1 Bf5 14.
Bxd3 Na5 15. Qa4+ Bd7 16. Qc2 O-O-O 17. a3 Bxd2 18. Nxd2 Bg4+ 19. f3 Qe3 20. Re1 Qxd3 21. fxg4 Nxc4 22. Qxd3 Rxd3 23. Kc2 Rxd2+ 24. Kc3 Rxg2 25.
Kxc4 Rxg4 26. Re4 Rh4 27. Rg1 Rxh2 28. b3 Rc2+ 29. Kd3 Rc6 30. Rg7 h5 31. f5 h4 32.
Reg4 Rd6+ 33. Ke4 h3 34. Rg8+ Rd8 35. Rxd8+ Kxd8 36. Rg1 h2 37. Rh1 Kd7 0-1

[Event "Late-Titled-Tuesday-Blitz-June-18-2024"]
[Site "Chess.com"]
[Date "2024.06.18"]
[Round "3"]
[White "el_sporco"]
[Black "AlivodicDario"]
[Result "1-0"]
[WhiteElo "2573"]
[BlackElo "2373"]
[TimeControl "180+1"]
[EndTime "14:29:38 PDT"]
[Termination "el_sporco won by resignation"]

1. e4 e6 2. d4 d5 3. Nd2 Nf6 4. Bd3 c5 5. dxc5 dxe4 6. Nxe4 Nxe4 7. Bxe4 Qxd1+ 8. Kxd1 Bxc5 9. Ke2 Nc6 10. c3 Bd7 11.
Be3 Bxe3 12. Kxe3 O-O-O 13. Nf3 f6 14. Rhd1 Ne7 15. Rd6 e5 16. Rad1 Bc6 17. Rxd8+ Rxd8 18. Rxd8+ Kxd8 19. b4 Nd5+ 20. Kd2 Nf4 21. Bxc6 bxc6 22. g3 Ne6 23. Kd3 Kc7 24. Kc4 Nd8 25. Kd3 Nf7 26. c4 Nd6 27. Nd2 c5 28. b5 f5 29. f3 a6 30. a4 axb5 31. cxb5 Kb6 32. g4 fxg4 33. fxg4 Ka5 34. Nc4+ Nxc4 35. Kxc4 e4 36. g5 Kb6 37. h3 h5 38. Kc3 g6 39. Kd2 c4 40. h4 Ka5 41. Kc3 e3 42. Kc2 Kb6 43.
Kc3 Kc5 44. Kc2 Kd4 45. b6 e2 46. Kd2 c3+ 47. Kxe2 Kc4 48. b7 1-0

[Event "Late-Titled-Tuesday-Blitz-June-18-2024"]
[Site "Chess.com"]
[Date "2024.06.18"]
[Round "3"]
[White "yaguigor"]
[Black "Matalon"]
[Result "0-1"]
[WhiteElo "2638"]
[BlackElo "2478"]
[TimeControl "180+1"]
[EndTime "14:29:39 PDT"]
[Termination "Matalon won by checkmate"]

1. Nf3 Nf6 2. c4 g6 3. Nc3 Bg7 4. e4 d6 5. d4 O-O 6. Be2 Bg4 7. Be3 Nfd7 8. h3 Bxf3 9. Bxf3 Nc6 10. d5 Na5 11.
Be2 Bxc3+ 12. bxc3 e5 13. dxe6 fxe6 14. h4 b6 15. f4 Qf6 16. Qd4 Nc6 17. Qxf6 Nxf6 18. Bf3 e5 19. f5 gxf5 20. exf5 e4 21. Be2 h5 22. Bd4 Ng4 23. Bxg4 hxg4 24. O-O Rae8 25. Rae1 Kh7 26. Kh2 Na5 27. Kg3 Nxc4 28. Kxg4 e3 29. Rf3 c5 30. Rfxe3 Nxe3+ 31. Bxe3 Re4+ 32. Kf3 d5 33. g4 Rfe8 34. Rd1 Rxe3+ 35. Kf4 R8e4+ 36. Kg5 Rg3 37. Rxd5 Rexg4+ 38. Kf6 Rf3 39. Rd7+ Kh6 40. Rd8 Kh7 41.
Rd7+ Kh8 42. Rxa7 Rgf4 43. Kg6 Rxf5 44. Ra8+ Rf8 45. Ra6 R3f6+ 46. Kg5 Rd6 47. a4 Rf7 48. a5 Kh7 49. axb6 Rg6+ 50. Kh5 Rf5# 0-1

[Event "Late-Titled-Tuesday-Blitz-June-18-2024"]
[Site "Chess.com"]
[Date "2024.06.18"]
[Round "3"]
[White "IMJonathanCarlstedt"]
[Black "temus_galaktionov"]
[Result "0-1"]
[WhiteElo "2603"]
[BlackElo "2872"]
[TimeControl "180+1"]
[EndTime "14:29:41 PDT"]
[Termination "temus_galaktionov won on time"]

1. c4 c6 2. g3 g6 3. Nf3 Bg7 4.
Bg2 Nf6 5. O-O O-O 6. b3 d6 7.
Bb2 Nbd7 8. d3 e5 9. Nbd2 Re8 10. e4 Nc5 11. Qc2 a5 12. Rae1 Qb6 13. d4 Ncd7 14. c5 dxc5 15. dxe5 Ng4 16. Nc4 Qc7 17. Nd6 Re7 18. Nxf7 Kxf7 19. e6+ Kg8 20. exd7 Bxd7 21. Bxg7 Kxg7 22. h3 Nf6 23. e5 Nd5 24. Qxc5 Rae8 25. Qd4 Kg8 26. Qh4 Bf5 27. Rc1 Nb4 28. a3 Nd3 29. Qc4+ Kg7 30. Rc3 Nxe5 31. Nxe5 Rxe5 32. Qd4 Rd8 33. Qf4 Qe7 34. Kh2 h6 35. h4 Bc8 36.
Rcc1 Qf6 37. Qc4 Rd2 38. Qc3 Ree2 39. Qxf6+ Kxf6 40. Kg1 Rb2 41. Rb1 Be6 42. b4 axb4 43. axb4 Bf5 44. Rxb2 Rxb2 45. Rd1 Rxb4 46. Rd6+ Ke7 47.
Rd2 c5 48. Re2+ Kd6 49. Rd2+ Kc7 50. f3 h5 51. Bf1 b5 52. Be2 Kc6 53. Kf2 Rd4 54.
Ra2 c4 55. Ra6+ Kc5 0-1

[Event "Late-Titled-Tuesday-Blitz-June-18-2024"]
[Site "Chess.com"]
[Date "2024.06.18"]
[Round "3"]
[White "stollenmonster"]
[Black "topin8"]
[Result "1-0"]
[WhiteElo "2904"]
[BlackElo "2521"]
[TimeControl "180+1"]
[EndTime "14:29:41 PDT"]
[Termination "stollenmonster won on time"]

1. e4 e5 2. Nc3 Nc6 3. g3 Nf6 4. Bg2 Bc5 5. h3 d6 6. Nge2 a6 7. d3 h6 8. O-O Be6 9. Nd5 Qd7 10. Kh2 Ne7 11. Nxf6+ gxf6 12. d4 exd4 13. Nxd4 Nc6 14. Be3 h5 15. Re1 h4 16. g4 O-O-O 17. c3 Bxd4 18. Bxd4 Nxd4 19. Qxd4 Qb5 20. f4 d5 21. e5 f5 22. g5 c5 23. a4 Qb6 24. Qf2 d4 25. a5 Qb5 26. Rac1 d3 27. Red1 c4 28. b4 Kc7 29. Rd2 Bd5 30. Rg1 Bxg2 31. Rxg2 Qd5 32. g6 Rhg8 33. Qb6+ Kb8 34. gxf7 Qxf7 35.
Rg5 Rxg5 36. Qxd8+ Ka7 37. Qxg5 Qd5 38. Qg1+ 1-0

[Event "Late-Titled-Tuesday-Blitz-June-18-2024"]
[Site "Chess.com"]
[Date "2024.06.18"]
[Round "3"]
[White "mostafa_sakha"]
[Black "nochewycandy"]
[Result "1/2-1/2"]
[WhiteElo "2422"]
[BlackElo "2804"]
[TimeControl "180+1"]
[EndTime "14:29:42 PDT"]
[Termination "Game drawn by repetition"]

1. d4 d5 2. c4 dxc4 3. e3 e5 4. Bxc4 Nc6 5. Nf3 e4 6. Nfd2 Qg5 7. Kf1 Nf6 8. Qb3 Qg6 9. Nc3 Bd6 10. Bd5 Nxd5 11. Qxd5 f5 12. Nc4 Be7 13. Ne5 Nxe5 14. Qxe5 Qf6 15. Qxf6 Bxf6 16. b3 c6 17. Ba3 Kf7 18.
Ke2 Be6 19. Rhc1 Rhd8 20. Rc2 b6 21. Rac1 Rac8 22. f3 exf3+ 23. gxf3 f4 24. Ne4 fxe3 25.
Nd6+ Rxd6 26. Bxd6 Bd5 27. Be5 Bg5 28. f4 Be7 29.
Kxe3 g6 30. Rg1 Ke6 31. h4 Bxh4 32. Rh2 Be7 33. Rxh7 c5 34. Rxg6+ Kf5 35. Rg3 Re8 36. Rh5+ Ke6 37. f5+ Kd7 38. Rg7 Kd8 39. Rhh7 Bc6 40. Rxe7 Rxe7 41. Rxe7 Kxe7 42. dxc5 bxc5 43. Bb8 a6 44.
Ba7 Kf6 45. Kf4 Bd7 46. Bxc5 Bxf5 47. Bd4+ Ke6 48. a4 Bc2 49. b4 Bxa4 50. Bb6 Bb5 51. Ba5 Kd5 52. Ke3 Kc4 53. Kf4 Bc6 54. Ke3 Kb5 55. Kf4 Ba8 56. Ke3 Bc6 57. Kf4 Ba8 58. Ke3 Bc6 1/2-1/2

[Event "Late-Titled-Tuesday-Blitz-June-18-2024"]
[Site "Chess.com"]
[Date "2024.06.18"]
[Round "3"]
[White "fabianvivasz"]
[Black "RebecaJimnz"]
[Result "1-0"]
[WhiteElo "2500"]
[BlackElo "2281"]
[TimeControl "180+1"]
[EndTime "14:29:43 PDT"]
[Termination "fabianvivasz won on time"]

1. e4 c5 2. Nf3 Nc6 3. d4 cxd4 4. Nxd4 g6 5. c4 Nf6 6. Nc3 d6 7. Be3 Ng4 8. Nxc6 bxc6 9. Bf4 Bg7 10. Qd2 O-O 11.
Be2 Be6 12. O-O Qa5 13. Nd5 Qd8 14. Ne3 Ne5 15. Rfd1 Rb8 16. b3 Nd7 17. Rac1 Nc5 18. Qc2 Qb6 19. Bg4 Bxg4 20. Nxg4 Ne6 21. Bh6 a5 22.
Bxg7 Kxg7 23. Qc3+ f6 24. Ne3 a4 25. Rb1 Qb4 26.
Qc2 Nc5 27. h4 axb3 28. axb3 Rb7 29. h5 Rfb8 30. hxg6 hxg6 31. Qe2 Rh8 32. Qg4 Rbb8 33. g3 Rh6 34. Nf5+ Kh7 35. Nxh6 Kxh6 36. Kg2 Kg7 37. Rh1 Qd2 38. Qh4 1-0

[Event "Late-Titled-Tuesday-Blitz-June-18-2024"]
[Site "Chess.com"]
[Date "2024.06.18"]
[Round "3"]
[White "ChessLover0108"]
[Black "Mikhail_Golubev"]
[Result "1-0"]
[WhiteElo "2938"]
[BlackElo "2661"]
[TimeControl "180+1"]
[EndTime "14:29:44 PDT"]
[Termination "ChessLover0108 won on time"]

1. d4 Nf6 2. c4 d6 3. Nf3 g6 4.
Nc3 Bg7 5. e4 O-O 6. Be2 e5 7.
Be3 h6 8. dxe5 Ng4 9. Bd2 Nxe5 10. O-O Nxf3+ 11. Bxf3 Nc6 12. Be3 Be6 13. Be2 f5 14.
exf5 Bxf5 15. c5 dxc5 16. Qb3+ Kh7 17. Bxc5 Re8 18. Qxb7 Nd4 19. Bxd4 Qxd4 20. Qxc7 Rac8 21. Qa5 Qd2 22. Bf3 Qxb2 23. Nd5 Bd4 24. Rad1 Rc2 25. Kh1 Rxf2 26. Qc7+ Kh8 27. Qf4 Rxf1+ 28. Rxf1 Bg7 29.
a4 Bc8 30. h3 Rf8 31. Qg3 Bb7 32. Rd1 Bxd5 33. Rxd5 Qa1+ 34. Rd1 Qe5 35. Qxg6 Qf4 36. Be4 1-0

[Event "Late-Titled-Tuesday-Blitz-June-18-2024"]
[Site "Chess.com"]
[Date "2024.06.18"]
[Round "3"]
[White "zverr1"]
[Black "Masterisback04"]
[Result "1-0"]
[WhiteElo "2534"]
[BlackElo "2107"]
[TimeControl "180+1"]
[EndTime "14:29:45 PDT"]
[Termination "zverr1 won on time"]

1. e4 c5 2. Nf3 Nc6 3. d4 cxd4 4. Nxd4 e5 5. Nb5 d6 6. N1c3 a6 7. Na3 b5 8. Nd5 Nge7 9. c4 Nxd5 10. exd5 Nd4 11.
Be3 Be7 12. Bd3 O-O 13. O-O Nf5 14. Bd2 Nh4 15. g3 Ng6 16. cxb5 f5 17. f4 e4 18.
Bc4 axb5 19. Nxb5 Qb6+ 20. Kh1 Bb7 21. Qe2 Kh8 22. Be3 Qa5 23. a4 Rfc8 24. b3 Rd8 25. Bd4 Rac8 26. g4 Bf8 27. gxf5 Ne7 28. f6 Nxd5 29.
fxg7+ Bxg7 30. Qb2 Rd7 31. Rg1 Rcc7 32. Nxc7 Qxc7 33.
Rxg7 Rxg7 34. Rg1 e3 35. Bxg7+ Kg8 36. Qd4 1-0

[Event "Late-Titled-Tuesday-Blitz-June-18-2024"]
[Site "Chess.com"]
[Date "2024.06.18"]
[Round "3"]
[White "baki83"]
[Black "hoshiboshi"]
[Result "1-0"]
[WhiteElo "2811"]
[BlackElo "2237"]
[TimeControl "180+1"]
[EndTime "14:29:47 PDT"]
[Termination "baki83 won on time"]

1. e4 c5 2. Nf3 d6 3. Bb5+ Bd7 4. Bxd7+ Qxd7 5. c4 Nc6 6. Nc3 g6 7. d4 cxd4 8. Nxd4 Bg7 9. Be3 Nf6 10. f3 O-O 11. O-O a6 12. Qd3 Ne5 13. Qe2 Rac8 14. b3 b5 15. Nd5 Nxd5 16. cxd5 h5 17. h3 Qb7 18. Rac1 Nd7 19. Nc6 Rfe8 20. Rc2 Ne5 21. Rfc1 Rc7 22. Nxe5 Rxc2 23. Qxc2 Bxe5 24. Qc6 Qa8 25.
Qxa8 Rxa8 26. Rc7 Bf6 27. Kf2 Kf8 28. Ke2 Ke8 29. Kd3 Kd8 30. Bb6 Ke8 31. g3 h4 32. g4 Bb2 33. Ba5 Be5 34. Be1 g5 35.
Bd2 Bf6 36. f4 gxf4 37. Bxf4 Kd8 38. Rc6 Kd7 39. Bd2 a5 40. Rb6 b4 41. Rc6 Be5 42.
Rc4 Bg3 43. Be3 Rb8 44. Ba7 Rb7 45. Bd4 Rc7 46. Bb6 Rxc4 47. Kxc4 e6 48. Bxa5 exd5+ 49. Kxd5 Be1 50. a3 bxa3 51. Bxe1 a2 52. Bc3 1-0

[Event "Late-Titled-Tuesday-Blitz-June-18-2024"]
[Site "Chess.com"]
[Date "2024.06.18"]
[Round "3"]
[White "MaestroCheck"]
[Black "Hakiki_satranc"]
[Result "1-0"]
[WhiteElo "2610"]
[BlackElo "2436"]
[TimeControl "180+1"]
[EndTime "14:29:48 PDT"]
[Termination "MaestroCheck won by resignation"]

1. e4 d5 2. exd5 Qxd5 3. Nc3 Qd8 4. d4 Nf6 5. Nf3 g6 6. Bf4 Bg7 7. Qd2 a6 8. Bh6 Bxh6 9. Qxh6 Bg4 10. Qf4 Bxf3 11.
Qxf3 Nc6 12. d5 Ne5 13. Qe2 Qd6 14. O-O-O O-O 15. h4 h5 16. f3 b5 17. Ne4 Nxe4 18.
Qxe4 Qf6 19. Be2 Rab8 20. g4 Nc4 21. Bxc4 bxc4 22. c3 hxg4 23. fxg4 Rb6 24. g5 Qf2 25. Rd2 Qg3 26. Qxc4 Rfb8 27. Qe2 Qf4 28. Kb1 e6 29. h5 exd5 30. hxg6 Qf5+ 31. Ka1 Qxg6 32. Qe5 Qg7 33. Qxd5 Rd6 34. Qg2 Rxd2 35. Qxd2 a5 36. Qf4 Rc8 37. Qf5 Rd8 38. Qxa5 Qg6 39. Qxc7 Re8 40. Qf4 Qc6 41. Qh4 Kf8 42. Qh8+ Ke7 43. Re1+ Kd8 44. Qxe8+ Qxe8 45. Rxe8+ Kxe8 46. a4 Kd7 47. a5 Kc7 48. b4 1-0

[Event "Late-Titled-Tuesday-Blitz-June-18-2024"]
[Site "Chess.com"]
[Date "2024.06.18"]
[Round "3"]
[White "InadaC"]
[Black "DanylaBagrov"]
[Result "0-1"]
[WhiteElo "2233"]
[BlackElo "2510"]
[TimeControl "180+1"]
[EndTime "14:29:48 PDT"]
[Termination "DanylaBagrov won by checkmate"]

1. d4 d6 2. c4 e5 3. dxe5 dxe5 4.
Qxd8+ Kxd8 5. e3 Nc6 6. a3 Bf5 7.
Nc3 Nf6 8. f3 e4 9. g4 Bg6 10.
g5 Nd7 11. fxe4 Nde5 12. Bd2 h6 13. gxh6 Rxh6 14. O-O-O Ke8 15. Bg2 Nd3+ 16. Kc2 Nf2 17. Nge2 Nxh1 18. Rxh1 Ne5 19. b3 c6 20. Nf4 Rd8 21.
h4 Be7 22. h5 Bh7 23. Be1 Ng4 24. Rh3 Bxa3 25. Bf3 Nxe3+ 26. Kb1 Bb4 27. Nfe2 Nd1 28. Kc2 Nxc3 29. Nxc3 f5 30. Bh4 fxe4 31. Bxd8 exf3+ 32. Kb2 Bxc3+ 33. Kxc3 Kxd8 34. Rxf3 Rxh5 35. Rf7 Kc8 36. Rxg7 Bf5 37. Kb4 Bd7 38. Rg3 a5+ 39. Ka4 Kc7 40. Re3 Rh3 41. Re5 b6 42. c5 b5+ 43.
Kxa5 Rxb3 44. Rh5 Rc3 45. Re5 Rc4 46. Re4 Rxe4 47. Ka6 Ra4# 0-1

[Event "Late-Titled-Tuesday-Blitz-June-18-2024"]
[Site "Chess.com"]
[Date "2024.06.18"]
[Round "3"]
[White "bascheyaro"]
[Black "HajiyevKanan"]
[Result "0-1"]
[WhiteElo "2829"]
[BlackElo "2565"]
[TimeControl "180+1"]
[EndTime "14:29:49 PDT"]
[Termination "HajiyevKanan won on time"]

1. d4 a6 2. e4 e6 3. f4 d5 4. e5 c5 5. c3 Nc6 6. Nf3 Nh6 7. Be3 Qb6 8. Qd2 Nf5 9. Bf2 h5 10. Be2 Bd7 11. O-O Be7 12. a3 Na5 13. Qc2 Qb3 14.
Bd1 Qxc2 15. Bxc2 cxd4 16. Bxf5 exf5 17. Nxd4 Rc8 18. Nd2 g6 19. Rfe1 Be6 20. N2f3 O-O 21. Rad1 Nc4 22. Re2 Rfd8 23. Bh4 Bxh4 24. Nxh4 b5 25.
Nhf3 Kf8 26. Ng5 Ke7 27. h3 Rd7 28. Kf2 Rb7 29. Rh1 a5 30. Rc2 Bd7 31. Rd1 Be6 32. Ke2 Rcc7 33. Rg1 Rb8 34. g4 fxg4 35. Ngxe6 fxe6 36.
hxg4 h4 37. Kf3 g5 38. Re2 gxf4 39. g5 b4 40. cxb4 axb4 41. a4 Nb6 42. b3 Rc3+ 43. Kxf4 Rf8+ 44. Kg4 h3 45. g6 h2 46. Rxh2 Nd7 47.
Rh7+ Ke8 48. Re1 Rg8 49. g7 Kf7 50. Rf1+ Ke7 0-1

[Event "Late-Titled-Tuesday-Blitz-June-18-2024"]
[Site "Chess.com"]
[Date "2024.06.18"]
[Round "3"]
[White "Alina_Gumerovna"]
[Black "ATM622"]
[Result "0-1"]
[WhiteElo "2202"]
[BlackElo "2539"]
[TimeControl "180+1"]
[EndTime "14:29:49 PDT"]
[Termination "ATM622 won on time"]

1. e4 c6 2. d4 d5 3. exd5 cxd5 4. Bd3 Nc6 5. c3 g6 6. Ne2 Bg7 7. O-O Nf6 8. h3 O-O 9. Bf4 Bf5 10. Na3 a6 11.
Nc2 Rc8 12. Ne3 Bxd3 13. Qxd3 Re8 14. a4 Na5 15. Rac1 Qd7 16. Be5 Nb3 17. Rc2 Ne4 18.
Bxg7 Kxg7 19. f3 Nf6 20. Nf4 Qd6 21. g3 Kg8 22. Kg2 Na5 23. Re1 Nc4 24. Nxc4 dxc4 25.
Qe2 Nd7 26. h4 e5 27. dxe5 Rxe5 28. Qf2 Rce8 29. Rxe5 Nxe5 30. Rd2 Nd3 31. Nxd3 cxd3 32. Qd4 Qc6 33. Qxd3 Qxa4 34. Kh3 Qa1 35. Kg2 Qe1 36.
g4 Qxh4 37. Qd7 Qe7 38. Qd5 Qe1 39. Qd7 Re2+ 40. Rxe2 Qxe2+ 41. Kg3 Qe5+ 42. Kg2 Qb8 43. Qd5 b5 44. Qc6 a5 45. Qa6 a4 46. Qa5 Kg7 47.
Qb4 Qe5 48. Kf2 h5 49. gxh5 gxh5 50. Kg2 Kg6 51. Qh4 Qg5+ 0-1